 Dungeon Crawl Stone Soup version 0.30-a0-591-g3c58d2bc28 (webtiles) character file.

Game seed: 9482071943168011059

60 OTABOTABOTAB the Ruffian (level 3, -13/28 HPs)
             Began as a Draconian Transmuter on Jan 4, 2023.
             Mangled by an ogre
             ... wielding a +0 giant club
              (25 damage)
             ... on level 2 of the Dungeon.
             The game lasted 00:04:34 (1205 turns).

OTABOTABOTAB the Ruffian (Draconian Transmuter)     Turns: 1205, Time: 00:04:35

Health: -13/28     AC:  2    Str: 12    XL:     3   Next: 80%
Magic:  0/6        EV: 19    Int: 15    God:
Gold:   46         SH:  0    Dex: 16    Spells: 0/6 levels left

rFire   . . .      SeeInvis .      - Unarmed
rCold   . . .      Faith    .    (shield currently unavailable)
rNeg    . . .      Spirit   .    (body armour unavailable)
rPois   x          Reflect  .    (helmet currently unavailable)
rElec   .          Harm     .    (cloak currently unavailable)
rCorr   .          Rampage  .    (gloves currently unavailable)
Will    .....                    (boots currently unavailable)
Stlth   +                        (no amulet)
HPRegen 0.24/turn                (no ring)
MPRegen 0.10/turn                (no ring)

@: spider-form, very slightly contaminated
A: venomous fangs, AC +5, tiny, unfitting armour, (cold-blooded)
a: End Transformation


You were on level 2 of the Dungeon.
You were a venomous arachnid creature.
You visited 1 branch of the dungeon, and saw 2 of its levels.

You collected 46 gold pieces.

Inventory:

Armour
 d - a +0 pair of gloves
   (You found it on level 1 of the Dungeon)
 f - a +0 pair of boots
   (You found it on level 1 of the Dungeon)
 h - a +0 pair of gloves
   (You found it on level 1 of the Dungeon)
Scrolls
 a - a scroll of silence {unknown}
 b - a scroll of amnesia {unknown}
 e - a scroll of teleportation {unknown}
Potions
 c - 2 potions of degeneration {unknown}
 g - 2 potions of heal wounds {unknown}
 i - a potion of might {unknown}
 j - a potion of curing {unknown}
 k - a potion of mutation {unknown}
 P - 3 potions of lignification {!q}


   Skills:
 - Level 1.1 Fighting
 - Level 1.7 Dodging
 + Level 3.6 Unarmed Combat
 - Level 2.0 Spellcasting
 + Level 2.9 Transmutations
 + Level 1.8 Poison Magic


You couldn't memorise any spells.
You knew the following spells:

 Your Spells              Type           Power      Damage    Failure   Level
a - Beastly Appendage     Tmut           20%        N/A       19%         1
b - Wereblood             Tmut           10%        N/A       24%         2
c - Spider Form           Tmut/Pois      8%         N/A       47%         3

Your spell library contained the following spells:

 Spells                   Type           Power      Damage    Failure   Level
 Ice Form                 Ice/Tmut       5%         N/A       90%         4
 Petrify                  Tmut/Erth      5%         N/A       90%         4
 Metabolic Englaciation   Hex/Ice        0%         N/A       100%        5
 Statue Form              Tmut/Erth      3%         N/A       100%        6


Dungeon Overview and Level Annotations

Branches:
Dungeon (2/15)

Altars:

Shops:
D:1 :


Innate Abilities, Weirdness & Mutations

You are a venomous arachnid creature.
You have poisonous fangs.
You are tiny and dextrous.
Your spellcasting is less reliable in this form.
Your armour is entirely melded.
You are incapable of wielding weapons or throwing items.
((Your plain brown scales are hard. (AC +5)))
You cannot fit into any form of body armour.
((You are cold-blooded and may be slowed by cold attacks.))


Message History

You hit the quokka.
You kill the quokka!
No target in view!
Your horns disappear.
Your talons disappear.
A dart slug comes into view.
Health restored: 28; MP restored: 6 You grow a pair of large bovine horns.
Your feet morph into talons.
You now have 5/6 mp.
Your transformation is almost over.
You hit the dart slug. You claw the dart slug. You headbutt the dart slug.
The dart slug closely misses you.
You hit the dart slug.
You kill the dart slug!
Unknown command.
No target in view!
Your horns disappear.
Your talons disappear.
Terence the Incautious comes into view.
He is wielding a +0 hand axe and wearing a +2 scale mail of cold resistance.
MP restored: 6 No reachable target in view!
No reachable target in view!
Terence shouts!
You grow a pair of large bovine horns.
Your feet morph into talons.
You now have 5/6 mp.
Unknown command.
You barely miss Terence. Terence completely misses you.
You completely miss Terence. You claw Terence. Terence closely misses you.
You hit Terence but do no damage. You claw Terence.
You tail-slap Terence, but do no damage.
Terence closely misses you.
Unknown command.
You closely miss Terence. You claw Terence, but do no damage.
Terence closely misses you.
You hit Terence but do no damage. Your headbutt misses Terence.
Terence hits you with a +0 hand axe.
You take 1 damage, and have 27/28 hp.
You hit Terence. You claw Terence. You headbutt Terence, but do no damage.
Terence misses you.
You hit Terence but do no damage. Terence hits you with a +0 hand axe.
You take 3 damage, and have 24/28 hp.
Unknown command.
You hit Terence.
Terence says, "You're history."
Terence hits you with a +0 hand axe.
You take 3 damage, and have 21/28 hp.
You hit Terence but do no damage. Your kick misses Terence.
Terence barely misses you.
You punch Terence! Your kick misses Terence.
MP restored: 6 You barely miss Terence.
Terence hits you with a +0 hand axe.
You take 3 damage, and have 19/28 hp.
You hit Terence but do no damage. You claw Terence.
You kill Terence!
Unknown command.
Your horns disappear.
Your talons disappear.
Things that are here:
a +0 hand axe; a +2 scale mail of cold resistance You now have 46 gold pieces (gained 14).
An endoplasm comes into view.
Health restored: 28 An endoplasm is nearby!
An endoplasm is nearby!
You see here 2 potions of lignification {!q}.
P - 3 potions of lignification {!q} (gained 2)
An endoplasm is nearby!
You grow a pair of large bovine horns.
Your feet morph into talons.
You now have 5/6 mp.
Unknown command.
You barely miss the endoplasm. You claw the endoplasm.
You headbutt the endoplasm.
You kill the endoplasm!
No target in view!
No target in view!
Your horns disappear.
Your talons disappear.
Found a stone staircase leading down.
MP restored: 6
Found a stone staircase leading up.
An ogre and a goblin come into view.
There are monsters nearby!
There are monsters nearby!
Okay, then.
The spell is quite dangerous to miscast (26% risk of failure)!
Continue anyway?
You miscast Spider Form.
You are very lightly contaminated with residual magic.
Nothing appears to happen.
You now have 3/6 mp.
The spell is quite dangerous to miscast (26% risk of failure)!
Continue anyway?
You turn into a venomous arachnid creature.
You now have 0/6 mp.
The ogre completely misses you.
There is a stone staircase leading up here.
You bite the ogre!
The ogre is poisoned.
The ogre hits you with a +0 giant club!
Ouch! That really hurt!
You take 16 damage, and have 12/28 hp.
MASSIVE DAMAGE!!
You bite the ogre!
The ogre looks as sick as possible!
You hit the ogre.
The ogre looks as sick as possible!
The ogre hits you with a +0 giant club!!
Ouch! That really hurt!
You die...

##### ...# ##
#.!# #.###
####..##....g
.........### #
#.#........#
#..#.#...#
#...>....# #
#..#.#s#.# .#
#.....O#.####.##
#......#.......#
####.###.......#
#. #.......#
###.###.......#
#.............#
#...##........#
#..###........#


You could see an ogre (extremely poisoned).

Vanquished Creatures
  Terence (D:2)
  A gnoll (D:1)
  2 dart slugs
  A ball python (D:1)
  2 bats (D:1)
  An endoplasm (D:2)
  2 giant cockroaches (D:1)
  4 goblins (D:1)
  A hobgoblin (D:1)
  2 quokkas
  2 frilled lizards (D:1)
  A rat (D:1)
20 creatures vanquished.

Vanquished Creatures (others)
  5 plants (D:1)
5 creatures vanquished.

Grand Total: 25 creatures vanquished

Notes
Turn   | Place    | Note
-------+----------+-------------------------------------------
     0 | D:1      | OTABOTABOTAB the Draconian Transmuter began the quest for
                  | the Orb.
     0 | D:1      | Reached XP level 1. HP: 16/16 MP: 3/3
   107 | D:1      | Found Buhur's Vocational Training.
   359 | D:1      | Found a faded altar of an unknown god.
   539 | D:1      | Reached skill level 1 in Poison Magic
   539 | D:1      | Reached XP level 2. HP: 19/23 MP: 3/5
   542 | D:1      | Learned a level 2 spell: Wereblood
   874 | D:1      | Reached XP level 3. HP: 27/28 MP: 3/6
  1054 | D:1      | Learned a level 3 spell: Spider Form
  1111 | D:2      | Noticed Terence
  1126 | D:2      | Killed Terence
  1196 | D:2      | Noticed an ogre
  1205 | D:2      | Mangled by an ogre

Illustrated notes

Levels and vault maps discovered:
D:1:      matt_arrival_diagonals, layout_basic,
          dreamdust_ecumenical_altar_statues, chequers_big_river,
          reono_crystal_passage, chequers_serial_rivers_micro_b,
          corexii_item_surrounded_by_moat, nicolae_shop_vocational
D:2:      layout_loops_cross, uniq_crazy_yiuf_cottage, uniq_terence, uniq_robin

Skill      XL: |  1 |
---------------+----+-----
Poison Magic   | 1 |  1.8
Fighting       | |  1.1
Dodging        | |  1.7
Unarmed Combat | |  3.6
Spellcasting   | |  2.0
Transmutations | |  2.9

Action                   || total
-------------------------++-------
Melee: Unarmed           ||    63
       Headbutt          ||    12
       Tailslap          ||     4
       Kick              ||    13
       Punch             ||     1
Throw: Stone             ||     4
 Cast: Beastly Appendage ||    14
       Spider Form       ||     1
 Abil: End Transformatio ||     7
Armor: Skin              ||    12
Dodge: Dodged            ||    31

Table legend: (Time is in decaauts)
 A = Elapsed time spent in this place.
 B = Non-inter-level travel time spent in this place.
 C = Inter-level travel time spent in this place.
 D = Time resting spent in this place.
 E = Time spent auto-exploring this place.
 F = Levels seen in this place.
 G = Mean time per level.
                   A        B        C        D        E       F      G
               +--------+--------+--------+--------+--------+-----+--------+
         Total |   1210 |   1201 |      9 |      0 |    934 |   2 |  605.0 |
       Dungeon |   1210 |   1201 |      9 |      0 |    934 |   2 |  605.0 |
               +--------+--------+--------+--------+--------+-----+--------+

Top non-repeatable levels by time:
     D:1: 1070 daAuts
     D:2: 140 daAuts

Table legend:
 A = Kills in this place as a percentage of kills in entire the game.
 B = Kills by you in this place as a percentage of kills by you in the entire game.
 C = Kills by friends in this place as a percentage of kills by friends in the entire game.
 D = Other kills in this place as a percentage of other kills in the entire game.
 E = Experience gained in this place as a percentage of experience gained in the entire game.
 F = Experience gained in this place divided by the number of levels of this place that you have seen.
                   A       B       C       D       E      F
               +-------+-------+-------+-------+-------+----------------------
         Total | 100.0 | 100.0 |   N/A |   N/A | 100.0 |  43.0
       Dungeon | 100.0 | 100.0 |   N/A |   N/A | 100.0 |  43.0
               +-------+-------+-------+-------+-------+----------------------
